Workbook

Sheet Presupuesto Emporda
A2: Jardineria Emporda comparativa precios por casa
C4: 25497.79 | D4: 45940
A5: Departament | B5: Multiplicador coeficientes | C5: Precio /Cuota pagada jardineria Comunitaria 2026 con segunda poda incluida | D5: Precio /Cuota presupuesto + 80,17% jardineria Comunitaria 2027 con segunda poda incluida. | E5: Diferencia de mas por casa jardineria comunitaria | F5: Cuota 2025 / 2026 Pagada jardineria privativa | G5: Cuota a pagar teoricamente aumento 80,17% Jardineria privativa. | H5: La suma de lo pagado finalmente en 2025-2026 de jardineria Emporda | I5: Lo que pagara ahora año 2027 Jardineria Emporda aumento 80,17%
A6: Vall Gran 1 | B6: 0.00919 | C6: =25497.74*B6 -> 234.32423 | D6: =45940*B6 -> 422.1886 | E6: =D6-C6 -> 187.86437 | H6: =C6+F6 -> 234.32423 | I6: =D6+G6 -> 422.1886
A7: Vall Gran 2 | B7: 0.00919 | C7: =25497.74*B7 -> 234.32423 | D7: =45940*B7 -> 422.1886 | E7: =D7-C7 -> 187.86437 | H7: =C7+F7 -> 234.32423 | I7: =D7+G7 -> 422.1886
A8: Vall Gran 3 | B8: 0.00919 | C8: =25497.74*B8 -> 234.32423 | D8: =45940*B8 -> 422.1886 | E8: =D8-C8 -> 187.86437 | H8: =C8+F8 -> 234.32423 | I8: =D8+G8 -> 422.1886
A9: Vall Gran 4 | B9: 0.00919 | C9: =25497.74*B9 -> 234.32423 | D9: =45940*B9 -> 422.1886 | E9: =D9-C9 -> 187.86437 | H9: =C9+F9 -> 234.32423 | I9: =D9+G9 -> 422.1886
A10: Vall Gran 5 | B10: 0.00919 | C10: =25497.74*B10 -> 234.32423 | D10: =45940*B10 -> 422.1886 | E10: =D10-C10 -> 187.86437 | H10: =C10+F10 -> 234.32423 | I10: =D10+G10 -> 422.1886
A11: Vall Gran 6 | B11: 0.00919 | C11: =25497.74*B11 -> 234.32423 | D11: =45940*B11 -> 422.1886 | E11: =D11-C11 -> 187.86437 | H11: =C11+F11 -> 234.32423 | I11: =D11+G11 -> 422.1886
A12: Vall Gran 7 | B12: 0.00919 | C12: =25497.74*B12 -> 234.32423 | D12: =45940*B12 -> 422.1886 | E12: =D12-C12 -> 187.86437 | H12: =C12+F12 -> 234.32423 | I12: =D12+G12 -> 422.1886
A13: Vall Gran 8 | B13: 0.00919 | C13: =25497.74*B13 -> 234.32423 | D13: =45940*B13 -> 422.1886 | E13: =D13-C13 -> 187.86437 | H13: =C13+F13 -> 234.32423 | I13: =D13+G13 -> 422.1886
A14: Vall Gran 9 | B14: 0.00919 | C14: =25497.74*B14 -> 234.32423 | D14: =45940*B14 -> 422.1886 | E14: =D14-C14 -> 187.86437 | H14: =C14+F14 -> 234.32423 | I14: =D14+G14 -> 422.1886
A15: Vall Gran 10 | B15: 0.00919 | C15: =25497.74*B15 -> 234.32423 | D15: =45940*B15 -> 422.1886 | E15: =D15-C15 -> 187.86437 | H15: =C15+F15 -> 234.32423 | I15: =D15+G15 -> 422.1886
A16: Vall Gran 11 | B16: 0.00919 | C16: =25497.74*B16 -> 234.32423 | D16: =45940*B16 -> 422.1886 | E16: =D16-C16 -> 187.86437 | H16: =C16+F16 -> 234.32423 | I16: =D16+G16 -> 422.1886
A17: Vall Gran 12 | B17: 0.00919 | C17: =25497.74*B17 -> 234.32423 | D17: =45940*B17 -> 422.1886 | E17: =D17-C17 -> 187.86437 | H17: =C17+F17 -> 234.32423 | I17: =D17+G17 -> 422.1886
... A34: Vall Gran 29 | B34: 0.00919 | C34: =25497.74*B34 -> 234.32423 | D34: =45940*B34 -> 422.1886 | E34: =D34-C34 -> 187.86437 | H34: =C34+F34 -> 234.32423 | I34: =D34+G34 -> 422.1886
A35: Capelles 30 | B35: 0.00697 | C35: =25497.74*B35 -> 177.71925 | D35: =45940*B35 -> 320.2018 | E35: =D35-C35 -> 142.48255 | F35: =G167 -> 104.37 | G35: =F35*1.8017 -> 188.04343 | H35: =C35+F35 -> 282.08925 | I35: =D35+G35 -> 508.24523
A36: Capelles 31 | B36: 0.00697 | C36: =25497.74*B36 -> 177.71925 | D36: =45940*B36 -> 320.2018 | E36: =D36-C36 -> 142.48255 | F36: =G168 -> 411.99 | G36: =F36*1.8017 -> 742.28238 | H36: =C36+F36 -> 589.70925 | I36: =D36+G36 -> 1062.4842
A37: Capelles 32 | B37: 0.00697 | C37: =25497.74*B37 -> 177.71925 | D37: =45940*B37 -> 320.2018 | E37: =D37-C37 -> 142.48255 | F37: =G169 -> 411.99 | G37: =F37*1.8017 -> 742.28238 | H37: =C37+F37 -> 589.70925 | I37: =D37+G37 -> 1062.4842
A38: Capelles 33 | B38: 0.00697 | C38: =25497.74*B38 -> 177.71925 | D38: =45940*B38 -> 320.2018 | E38: =D38-C38 -> 142.48255 | F38: =G170 -> 411.99 | G38: =F38*1.8017 -> 742.28238 | H38: =C38+F38 -> 589.70925 | I38: =D38+G38 -> 1062.4842
A39: Capelles 34 | B39: 0.00697 | C39: =25497.74*B39 -> 177.71925 | D39: =45940*B39 -> 320.2018 | E39: =D39-C39 -> 142.48255 | F39: =G171 -> 104.37 | G39: =F39*1.8017 -> 188.04343 | H39: =C39+F39 -> 282.08925 | I39: =D39+G39 -> 508.24523
A40: Capelles 35 | B40: 0.00713 | C40: =25497.74*B40 -> 181.79889 | D40: =45940*B40 -> 327.5522 | E40: =D40-C40 -> 145.75331 | F40: =G172 -> 411.99 | G40: =F40*1.8017 -> 742.28238 | H40: =C40+F40 -> 593.78889 | I40: =D40+G40 -> 1069.8346
A41: Capelles 36 | B41: 0.00713 | C41: =25497.74*B41 -> 181.79889 | D41: =45940*B41 -> 327.5522 | E41: =D41-C41 -> 145.75331 | F41: =G173 -> 104.37 | G41: =F41*1.8017 -> 188.04343 | H41: =C41+F41 -> 286.16889 | I41: =D41+G41 -> 515.59563
A42: Capelles 37 | B42: 0.00697 | C42: =25497.74*B42 -> 177.71925 | D42: =45940*B42 -> 320.2018 | E42: =D42-C42 -> 142.48255 | F42: =G174 -> 411.99 | G42: =F42*1.8017 -> 742.28238 | H42: =C42+F42 -> 589.70925 | I42: =D42+G42 -> 1062.4842
A43: Capelles 38 | B43: 0.00697 | C43: =25497.74*B43 -> 177.71925 | D43: =45940*B43 -> 320.2018 | E43: =D43-C43 -> 142.48255 | F43: =G175 -> 411.99 | G43: =F43*1.8017 -> 742.28238 | H43: =C43+F43 -> 589.70925 | I43: =D43+G43 -> 1062.4842
A44: Capelles 39 | B44: 0.00697 | C44: =25497.74*B44 -> 177.71925 | D44: =45940*B44 -> 320.2018 | E44: =D44-C44 -> 142.48255 | F44: =G176 -> 411.99 | G44: =F44*1.8017 -> 742.28238 | H44: =C44+F44 -> 589.70925 | I44: =D44+G44 -> 1062.4842
A45: Capelles 40 | B45: 0.00697 | C45: =25497.74*B45 -> 177.71925 | D45: =45940*B45 -> 320.2018 | E45: =D45-C45 -> 142.48255 | F45: =G177 -> 411.99 | G45: =F45*1.8017 -> 742.28238 | H45: =C45+F45 -> 589.70925 | I45: =D45+G45 -> 1062.4842
A46: Capelles 41 | B46: 0.00697 | C46: =25497.74*B46 -> 177.71925 | D46: =45940*B46 -> 320.2018 | E46: =D46-C46 -> 142.48255 | F46: =G178 -> 411.99 | G46: =F46*1.8017 -> 742.28238 | H46: =C46+F46 -> 589.70925 | I46: =D46+G46 -> 1062.4842
... A76: Vall Petita 71 | B76: 0.00539 | C76: =25497.74*B76 -> 137.43282 | D76: =45940*B76 -> 247.6166 | E76: =D76-C76 -> 110.18378 | F76: =G208 -> 66.43 | G76: =F76*1.8017 -> 119.68693 | H76: =C76+F76 -> 203.86282 | I76: =D76+G76 -> 367.30353
A77: Vall Petita 72 | B77: 0.00539 | C77: =25497.74*B77 -> 137.43282 | D77: =45940*B77 -> 247.6166 | E77: =D77-C77 -> 110.18378 | H77: =C77+F77 -> 137.43282 | I77: =D77+G77 -> 247.6166
A78: Vall Petita 73 | B78: 0.00546 | C78: =25497.74*B78 -> 139.21766 | D78: =45940*B78 -> 250.8324 | E78: =D78-C78 -> 111.61474 | H78: =C78+F78 -> 139.21766 | I78: =D78+G78 -> 250.8324
A79: STC 74 | B79: 0.00982 | C79: =25497.74*B79 -> 250.38781 | D79: =45940*B79 -> 451.1308 | E79: =D79-C79 -> 200.74299 | H79: =C79+F79 -> 250.38781 | I79: =D79+G79 -> 451.1308
A80: STC 75 | B80: 0.01639 | C80: =25497.74*B80 -> 417.90796 | D80: =45940*B80 -> 752.9566 | E80: =D80-C80 -> 335.04864 | H80: =C80+F80 -> 417.90796 | I80: =D80+G80 -> 752.9566
A81: GA 76 | B81: 0.00663 | C81: =25497.74*B81 -> 169.05002 | D81: =45940*B81 -> 304.5822 | E81: =D81-C81 -> 135.53218 | F81: =G209 -> 46.03 | G81: =F81*1.8017 -> 82.932251 | H81: =C81+F81 -> 215.08002 | I81: =D81+G81 -> 387.51445
A82: GA 77 | B82: 0.00663 | C82: =25497.74*B82 -> 169.05002 | D82: =45940*B82 -> 304.5822 | E82: =D82-C82 -> 135.53218 | F82: =G210 -> 46.03 | G82: =F82*1.8017 -> 82.932251 | H82: =C82+F82 -> 215.08002 | I82: =D82+G82 -> 387.51445
A83: GA 78 | B83: 0.00663 | C83: =25497.74*B83 -> 169.05002 | D83: =45940*B83 -> 304.5822 | E83: =D83-C83 -> 135.53218 | F83: =G211 -> 46.03 | G83: =F83*1.8017 -> 82.932251 | H83: =C83+F83 -> 215.08002 | I83: =D83+G83 -> 387.51445
A84: GA 79 | B84: 0.00663 | C84: =25497.74*B84 -> 169.05002 | D84: =45940*B84 -> 304.5822 | E84: =D84-C84 -> 135.53218 | F84: =G212 -> 46.03 | G84: =F84*1.8017 -> 82.932251 | H84: =C84+F84 -> 215.08002 | I84: =D84+G84 -> 387.51445
A85: GA 80 | B85: 0.00663 | C85: =25497.74*B85 -> 169.05002 | D85: =45940*B85 -> 304.5822 | E85: =D85-C85 -> 135.53218 | F85: =G213 -> 46.03 | G85: =F85*1.8017 -> 82.932251 | H85: =C85+F85 -> 215.08002 | I85: =D85+G85 -> 387.51445
A86: GA 81 | B86: 0.00663 | C86: =25497.74*B86 -> 169.05002 | D86: =45940*B86 -> 304.5822 | E86: =D86-C86 -> 135.53218 | F86: =G214 -> 46.03 | G86: =F86*1.8017 -> 82.932251 | H86: =C86+F86 -> 215.08002 | I86: =D86+G86 -> 387.51445
A87: GA 82 | B87: 0.00663 | C87: =25497.74*B87 -> 169.05002 | D87: =45940*B87 -> 304.5822 | E87: =D87-C87 -> 135.53218 | F87: =G215 -> 46.03 | G87: =F87*1.8017 -> 82.932251 | H87: =C87+F87 -> 215.08002 | I87: =D87+G87 -> 387.51445
A88: GA 83 | B88: 0.00663 | C88: =25497.74*B88 -> 169.05002 | D88: =45940*B88 -> 304.5822 | E88: =D88-C88 -> 135.53218 | F88: =G216 -> 46.03 | G88: =F88*1.8017 -> 82.932251 | H88: =C88+F88 -> 215.08002 | I88: =D88+G88 -> 387.51445
A89: GA 84A | B89: 0.00663 | C89: =25497.74*B89 -> 169.05002 | D89: =45940*B89 -> 304.5822 | E89: =D89-C89 -> 135.53218 | F89: =G217 -> 46.03 | G89: =F89*1.8017 -> 82.932251 | H89: =C89+F89 -> 215.08002 | I89: =D89+G89 -> 387.51445
A90: GA 84B | B90: 0.00663 | C90: =25497.74*B90 -> 169.05002 | D90: =45940*B90 -> 304.5822 | E90: =D90-C90 -> 135.53218 | F90: =G218 -> 46.03 | G90: =F90*1.8017 -> 82.932251 | H90: =C90+F90 -> 215.08002 | I90: =D90+G90 -> 387.51445
A91: Ermita 85 | B91: 0.00507 | C91: =25497.74*B91 -> 129.27354 | D91: =45940*B91 -> 232.9158 | E91: =D91-C91 -> 103.64226 | H91: =C91+F91 -> 129.27354 | I91: =D91+G91 -> 232.9158
A92: Ermita 86 | B92: 0.00681 | C92: =25497.74*B92 -> 173.63961 | D92: =45940*B92 -> 312.8514 | E92: =D92-C92 -> 139.21179 | H92: =C92+F92 -> 173.63961 | I92: =D92+G92 -> 312.8514
A93: Ermita 87 | B93: 0.00499 | C93: =25497.74*B93 -> 127.23372 | D93: =45940*B93 -> 229.2406 | E93: =D93-C93 -> 102.00688 | H93: =C93+F93 -> 127.23372 | I93: =D93+G93 -> 229.2406
A94: Ermita 88 | B94: 0.00523 | C94: =25497.74*B94 -> 133.35318 | D94: =45940*B94 -> 240.2662 | E94: =D94-C94 -> 106.91302 | H94: =C94+F94 -> 133.35318 | I94: =D94+G94 -> 240.2662
A95: Ermita 89 | B95: 0.00523 | C95: =25497.74*B95 -> 133.35318 | D95: =45940*B95 -> 240.2662 | E95: =D95-C95 -> 106.91302 | H95: =C95+F95 -> 133.35318 | I95: =D95+G95 -> 240.2662
A96: Ermita 90 | B96: 0.0057 | C96: =25497.74*B96 -> 145.33712 | D96: =45940*B96 -> 261.858 | E96: =D96-C96 -> 116.52088 | H96: =C96+F96 -> 145.33712 | I96: =D96+G96 -> 261.858
A97: Ermita 91 | B97: 0.00499 | C97: =25497.74*B97 -> 127.23372 | D97: =45940*B97 -> 229.2406 | E97: =D97-C97 -> 102.00688 | H97: =C97+F97 -> 127.23372 | I97: =D97+G97 -> 229.2406
A98: Ermita 92 | B98: 0.00523 | C98: =25497.74*B98 -> 133.35318 | D98: =45940*B98 -> 240.2662 | E98: =D98-C98 -> 106.91302 | H98: =C98+F98 -> 133.35318 | I98: =D98+G98 -> 240.2662
A99: Ermita 93 | B99: 0.00507 | C99: =25497.74*B99 -> 129.27354 | D99: =45940*B99 -> 232.9158 | E99: =D99-C99 -> 103.64226 | H99: =C99+F99 -> 129.27354 | I99: =D99+G99 -> 232.9158
A100: Ermita 94 | B100: 0.00681 | C100: =25497.74*B100 -> 173.63961 | D100: =45940*B100 -> 312.8514 | E100: =D100-C100 -> 139.21179 | H100: =C100+F100 -> 173.63961 | I100: =D100+G100 -> 312.8514
A101: Ermita 95 | B101: 0.00887 | C101: =25497.74*B101 -> 226.16495 | D101: =45940*B101 -> 407.4878 | E101: =D101-C101 -> 181.32285 | H101: =C101+F101 -> 226.16495 | I101: =D101+G101 -> 407.4878
A102: Ermita 96 | B102: 0.00713 | C102: =25497.74*B102 -> 181.79889 | D102: =45940*B102 -> 327.5522 | E102: =D102-C102 -> 145.75331 | H102: =C102+F102 -> 181.79889 | I102: =D102+G102 -> 327.5522
... A110: Ermita 104 | B110: 0.00523 | C110: =25497.74*B110 -> 133.35318 | D110: =45940*B110 -> 240.2662 | E110: =D110-C110 -> 106.91302 | H110: =C110+F110 -> 133.35318 | I110: =D110+G110 -> 240.2662
A111: Vall Petita 105 | B111: 0.00546 | C111: =25497.74*B111 -> 139.21766 | D111: =45940*B111 -> 250.8324 | E111: =D111-C111 -> 111.61474 | F111: =G219 -> 323.42 | G111: =F111*1.8017 -> 582.70581 | H111: =C111+F111 -> 462.63766 | I111: =D111+G111 -> 833.53821
A112: Vall Petita 106 | B112: 0.00539 | C112: =25497.74*B112 -> 137.43282 | D112: =45940*B112 -> 247.6166 | E112: =D112-C112 -> 110.18378 | F112: =G220 -> 66.43 | G112: =F112*1.8017 -> 119.68693 | H112: =C112+F112 -> 203.86282 | I112: =D112+G112 -> 367.30353
A113: Vall Petita 107 | B113: 0.00539 | C113: =25497.74*B113 -> 137.43282 | D113: =45940*B113 -> 247.6166 | E113: =D113-C113 -> 110.18378 | F113: =G221 -> 66.43 | G113: =F113*1.8017 -> 119.68693 | H113: =C113+F113 -> 203.86282 | I113: =D113+G113 -> 367.30353
A114: Vall Petita 108 | B114: 0.00539 | C114: =25497.74*B114 -> 137.43282 | D114: =45940*B114 -> 247.6166 | E114: =D114-C114 -> 110.18378 | F114: =G222 -> 66.43 | G114: =F114*1.8017 -> 119.68693 | H114: =C114+F114 -> 203.86282 | I114: =D114+G114 -> 367.30353
A115: Vall Petita 109 | B115: 0.00539 | C115: =25497.74*B115 -> 137.43282 | D115: =45940*B115 -> 247.6166 | E115: =D115-C115 -> 110.18378 | F115: =G223 -> 323.42 | G115: =F115*1.8017 -> 582.70581 | H115: =C115+F115 -> 460.85282 | I115: =D115+G115 -> 830.32241
A116: Vall Petita 110 | B116: 0.00539 | C116: =25497.74*B116 -> 137.43282 | D116: =45940*B116 -> 247.6166 | E116: =D116-C116 -> 110.18378 | F116: =G224 -> 66.43 | G116: =F116*1.8017 -> 119.68693 | H116: =C116+F116 -> 203.86282 | I116: =D116+G116 -> 367.30353
A117: Vall Petita 111 | B117: 0.00546 | C117: =25497.74*B117 -> 139.21766 | D117: =45940*B117 -> 250.8324 | E117: =D117-C117 -> 111.61474 | F117: =G225 -> 66.43 | G117: =F117*1.8017 -> 119.68693 | H117: =C117+F117 -> 205.64766 | I117: =D117+G117 -> 370.51933
A118: Vall Petita 112 | B118: 0.00546 | C118: =25497.74*B118 -> 139.21766 | D118: =45940*B118 -> 250.8324 | E118: =D118-C118 -> 111.61474 | F118: =G226 -> 66.43 | G118: =F118*1.8017 -> 119.68693 | H118: =C118+F118 -> 205.64766 | I118: =D118+G118 -> 370.51933
A119: Vall Petita 113 | B119: 0.00539 | C119: =25497.74*B119 -> 137.43282 | D119: =45940*B119 -> 247.6166 | E119: =D119-C119 -> 110.18378 | F119: =G227 -> 66.43 | G119: =F119*1.8017 -> 119.68693 | H119: =C119+F119 -> 203.86282 | I119: =D119+G119 -> 367.30353
A120: Vall Petita 114 | B120: 0.00539 | C120: =25497.74*B120 -> 137.43282 | D120: =45940*B120 -> 247.6166 | E120: =D120-C120 -> 110.18378 | F120: =G228 -> 66.43 | G120: =F120*1.8017 -> 119.68693 | H120: =C120+F120 -> 203.86282 | I120: =D120+G120 -> 367.30353
A121: Vall Petita 115 | B121: 0.00539 | C121: =25497.74*B121 -> 137.43282 | D121: =45940*B121 -> 247.6166 | E121: =D121-C121 -> 110.18378 | F121: =G229 -> 66.43 | G121: =F121*1.8017 -> 119.68693 | H121: =C121+F121 -> 203.86282 | I121: =D121+G121 -> 367.30353
A122: Vall Petita 116 | B122: 0.00539 | C122: =25497.74*B122 -> 137.43282 | D122: =45940*B122 -> 247.6166 | E122: =D122-C122 -> 110.18378 | F122: =G230 -> 66.43 | G122: =F122*1.8017 -> 119.68693 | H122: =C122+F122 -> 203.86282 | I122: =D122+G122 -> 367.30353
... A158: Vall Petita 152 | B158: 0.00546 | C158: =25497.74*B158 -> 139.21766 | D158: =45940*B158 -> 250.8324 | E158: =D158-C158 -> 111.61474 | F158: =G266 -> 323.42 | G158: =F158*1.8017 -> 582.70581 | H158: =C158+F158 -> 462.63766 | I158: =D158+G158 -> 833.53821
A160: SUMA | C160: =SUM(C6:C159) -> 25508.449 | D160: =SUM(D6:D159) -> 45959.295
A163: Aplicación precio por porcentaje del 80,17% a las cuotas de jardineria privativa
A165: Las Cuotas que ha cobrado Torrent 2025 - 2026 de Jardins L'Emporda | I165: Las cuotas que tendrian que ser teoricamente con la subida del 80,17%
B166: Solo poda tuias | C166: Cesped y tuias | D166: Apt. Garden | E166: Solo poda tuias | F166: Cesped y tuias | G166: Precio final | J166: Solo poda tuias | K166: Cesped y tuias | L166: Apt. Garden | M166: Solo poda tuias | N166: Cesped y tuias | O166: Aumento de cuota en comparacion año 2026 | P166: Precio final
A167: LC 30 | B167: 104.37 | G167: =SUM(B167:F167) -> 104.37 | I167: LC 30 | J167: =1.8017*B167 -> 188.04343 | O167: =SUM(J167:N167)-SUM(B167:F167) -> 83.673429 | P167: =SUM(J167:N167) -> 188.04343
A168: LC 31 | C168: 411.99 | G168: =SUM(B168:F168) -> 411.99 | I168: LC 31 | K168: =1.8017*C168 -> 742.28238 | O168: =SUM(J168:N168)-SUM(B168:F168) -> 330.29238 | P168: =SUM(J168:N168) -> 742.28238
A169: LC 32 | C169: 411.99 | G169: =SUM(B169:F169) -> 411.99 | I169: LC 32 | K169: =1.8017*C169 -> 742.28238 | O169: =SUM(J169:N169)-SUM(B169:F169) -> 330.29238 | P169: =SUM(J169:N169) -> 742.28238
A170: LC 33 | C170: 411.99 | G170: =SUM(B170:F170) -> 411.99 | I170: LC 33 | K170: =1.8017*C170 -> 742.28238 | O170: =SUM(J170:N170)-SUM(B170:F170) -> 330.29238 | P170: =SUM(J170:N170) -> 742.28238
A171: LC 34 | B171: 104.37 | G171: =SUM(B171:F171) -> 104.37 | I171: LC 34 | J171: =1.8017*B171 -> 188.04343 | O171: =SUM(J171:N171)-SUM(B171:F171) -> 83.673429 | P171: =SUM(J171:N171) -> 188.04343
A172: LC 35 | C172: 411.99 | G172: =SUM(B172:F172) -> 411.99 | I172: LC 35 | K172: =1.8017*C172 -> 742.28238 | O172: =SUM(J172:N172)-SUM(B172:F172) -> 330.29238 | P172: =SUM(J172:N172) -> 742.28238
A173: LC 36 | B173: 104.37 | G173: =SUM(B173:F173) -> 104.37 | I173: LC 36 | J173: =1.8017*B173 -> 188.04343 | O173: =SUM(J173:N173)-SUM(B173:F173) -> 83.673429 | P173: =SUM(J173:N173) -> 188.04343
A174: LC 37 | C174: 411.99 | G174: =SUM(B174:F174) -> 411.99 | I174: LC 37 | K174: =1.8017*C174 -> 742.28238 | O174: =SUM(J174:N174)-SUM(B174:F174) -> 330.29238 | P174: =SUM(J174:N174) -> 742.28238
A175: LC 38 | C175: 411.99 | G175: =SUM(B175:F175) -> 411.99 | I175: LC 38 | K175: =1.8017*C175 -> 742.28238 | O175: =SUM(J175:N175)-SUM(B175:F175) -> 330.29238 | P175: =SUM(J175:N175) -> 742.28238
A176: LC 39 | C176: 411.99 | G176: =SUM(B176:F176) -> 411.99 | I176: LC 39 | K176: =1.8017*C176 -> 742.28238 | O176: =SUM(J176:N176)-SUM(B176:F176) -> 330.29238 | P176: =SUM(J176:N176) -> 742.28238
A177: LC 40 | C177: 411.99 | G177: =SUM(B177:F177) -> 411.99 | I177: LC 40 | K177: =1.8017*C177 -> 742.28238 | O177: =SUM(J177:N177)-SUM(B177:F177) -> 330.29238 | P177: =SUM(J177:N177) -> 742.28238
A178: LC 41 | C178: 411.99 | G178: =SUM(B178:F178) -> 411.99 | I178: LC 41 | K178: =1.8017*C178 -> 742.28238 | O178: =SUM(J178:N178)-SUM(B178:F178) -> 330.29238 | P178: =SUM(J178:N178) -> 742.28238
A179: LC 42 | C179: 411.99 | G179: =SUM(B179:F179) -> 411.99 | I179: LC 42 | K179: =1.8017*C179 -> 742.28238 | O179: =SUM(J179:N179)-SUM(B179:F179) -> 330.29238 | P179: =SUM(J179:N179) -> 742.28238
A180: LC 43 | C180: 411.99 | G180: =SUM(B180:F180) -> 411.99 | I180: LC 43 | K180: =1.8017*C180 -> 742.28238 | O180: =SUM(J180:N180)-SUM(B180:F180) -> 330.29238 | P180: =SUM(J180:N180) -> 742.28238
A181: VP 44 | F181: 323.42 | G181: =SUM(B181:F181) -> 323.42 | I181: VP 44 | N181: =1.8017*F181 -> 582.70581 | O181: =SUM(J181:N181)-SUM(B181:F181) -> 259.28581 | P181: =SUM(J181:N181) -> 582.70581
A182: vp 45 | E182: 66.43 | G182: =SUM(B182:F182) -> 66.43 | I182: vp 45 | M182: =1.8017*E182 -> 119.68693 | O182: =SUM(J182:N182)-SUM(B182:F182) -> 53.256931 | P182: =SUM(J182:N182) -> 119.68693
A183: VP 46 | E183: 66.43 | G183: =SUM(B183:F183) -> 66.43 | I183: VP 46 | M183: =1.8017*E183 -> 119.68693 | O183: =SUM(J183:N183)-SUM(B183:F183) -> 53.256931 | P183: =SUM(J183:N183) -> 119.68693
A184: VP 47 | E184: 66.43 | G184: =SUM(B184:F184) -> 66.43 | I184: VP 47 | M184: =1.8017*E184 -> 119.68693 | O184: =SUM(J184:N184)-SUM(B184:F184) -> 53.256931 | P184: =SUM(J184:N184) -> 119.68693
A185: VP 48 | F185: 323.42 | G185: =SUM(B185:F185) -> 323.42 | I185: VP 48 | N185: =1.8017*F185 -> 582.70581 | O185: =SUM(J185:N185)-SUM(B185:F185) -> 259.28581 | P185: =SUM(J185:N185) -> 582.70581
A186: VP 49 | E186: 66.43 | G186: =SUM(B186:F186) -> 66.43 | I186: VP 49 | M186: =1.8017*E186 -> 119.68693 | O186: =SUM(J186:N186)-SUM(B186:F186) -> 53.256931 | P186: =SUM(J186:N186) -> 119.68693
A187: VP 50 | E187: 66.43 | G187: =SUM(B187:F187) -> 66.43 | I187: VP 50 | M187: =1.8017*E187 -> 119.68693 | O187: =SUM(J187:N187)-SUM(B187:F187) -> 53.256931 | P187: =SUM(J187:N187) -> 119.68693
A188: VP 51 | E188: 66.43 | G188: =SUM(B188:F188) -> 66.43 | I188: VP 51 | M188: =1.8017*E188 -> 119.68693 | O188: =SUM(J188:N188)-SUM(B188:F188) -> 53.256931 | P188: =SUM(J188:N188) -> 119.68693
A189: VP 52 | E189: 66.43 | G189: =SUM(B189:F189) -> 66.43 | I189: VP 52 | M189: =1.8017*E189 -> 119.68693 | O189: =SUM(J189:N189)-SUM(B189:F189) -> 53.256931 | P189: =SUM(J189:N189) -> 119.68693
A190: VP 53 | F190: 323.42 | G190: =SUM(B190:F190) -> 323.42 | I190: VP 53 | N190: =1.8017*F190 -> 582.70581 | O190: =SUM(J190:N190)-SUM(B190:F190) -> 259.28581 | P190: =SUM(J190:N190) -> 582.70581
A191: VP 54 | E191: 66.43 | G191: =SUM(B191:F191) -> 66.43 | I191: VP 54 | M191: =1.8017*E191 -> 119.68693 | O191: =SUM(J191:N191)-SUM(B191:F191) -> 53.256931 | P191: =SUM(J191:N191) -> 119.68693
A192: VP 55 | E192: 66.43 | G192: =SUM(B192:F192) -> 66.43 | I192: VP 55 | M192: =1.8017*E192 -> 119.68693 | O192: =SUM(J192:N192)-SUM(B192:F192) -> 53.256931 | P192: =SUM(J192:N192) -> 119.68693
A193: VP 56 | F193: 323.42 | G193: =SUM(B193:F193) -> 323.42 | I193: VP 56 | N193: =1.8017*F193 -> 582.70581 | O193: =SUM(J193:N193)-SUM(B193:F193) -> 259.28581 | P193: =SUM(J193:N193) -> 582.70581
...

Sheet Can Montes 
A2: Can Montes jardineria 2027 Presupuesto
A3: Precio total comunitario y privativos.
A4: Precio 70538,16 € por toda la comunidad
A5: El precio Incluye podas varias y trabajos varios dentro de un horario anual. Direccion de obra y asesoria / consultoria de jardineria. Control de riegos remotamente y localizacion de averias. Ver oferta tecnica
A7: Reparto costes: | C7: 70,538,16 €
A8: Jardines comunitarios | C8: 0.56533 | D8: 39877.38
A9: Jardines privativos | C9: 0.43467 | D9: 30660.82
A10: Suma | C10: =SUM(C8:C9) -> 1 | D10: =SUM(D8:D9) -> 70538.2
C12: 25497.79 | D12: 39877.38
A13: Departament | B13: Multiplicador coeficientes | C13: Precio /Cuota pagada jardineria Comunitaria 2026 con segunda poda incluida | D13: Precio /Cuota presupuesto + jardineria Comunitaria 2027 con segunda poda incluida. | E13: Diferencia de mas por casa jardineria comunitaria | F13: Cuota 2025 / 2026 Pagada jardineria privativa | G13: Cuota a pagar teoricamente aumento 56,388% Jardineria privativa. | H13: La suma de lo pagado comunidad finalmente en 2025-2026 de jardineria Emporda | I13: Lo que pagaria ahora año 2027 comunidad Jardineria Can Montes aumento 56,388% | J13: ='Presupuesto Emporda'!I5 -> Lo que pagara ahora año 2027 Jardineria Emporda aumento 80,17% | K13: Diferencia economica a favor de Can Montes
A14: Vall Gran 1 | B14: 0.00919 | C14: =25497.74*B14 -> 234.32423 | D14: =39877.38*B14 -> 366.47312 | E14: =D14-C14 -> 132.14889 | H14: =C14+F14 -> 234.32423 | I14: =D14+G14 -> 366.47312 | J14: ='Presupuesto Emporda'!I6 -> 422.1886 | K14: =I14-J14 -> -55.715478
A15: Vall Gran 2 | B15: 0.00919 | C15: =25497.74*B15 -> 234.32423 | D15: =39877.38*B15 -> 366.47312 | E15: =D15-C15 -> 132.14889 | H15: =C15+F15 -> 234.32423 | I15: =D15+G15 -> 366.47312 | J15: ='Presupuesto Emporda'!I7 -> 422.1886 | K15: =I15-J15 -> -55.715478
A16: Vall Gran 3 | B16: 0.00919 | C16: =25497.74*B16 -> 234.32423 | D16: =39877.38*B16 -> 366.47312 | E16: =D16-C16 -> 132.14889 | H16: =C16+F16 -> 234.32423 | I16: =D16+G16 -> 366.47312 | J16: ='Presupuesto Emporda'!I8 -> 422.1886 | K16: =I16-J16 -> -55.715478
A17: Vall Gran 4 | B17: 0.00919 | C17: =25497.74*B17 -> 234.32423 | D17: =39877.38*B17 -> 366.47312 | E17: =D17-C17 -> 132.14889 | H17: =C17+F17 -> 234.32423 | I17: =D17+G17 -> 366.47312 | J17: ='Presupuesto Emporda'!I9 -> 422.1886 | K17: =I17-J17 -> -55.715478
A18: Vall Gran 5 | B18: 0.00919 | C18: =25497.74*B18 -> 234.32423 | D18: =39877.38*B18 -> 366.47312 | E18: =D18-C18 -> 132.14889 | H18: =C18+F18 -> 234.32423 | I18: =D18+G18 -> 366.47312 | J18: ='Presupuesto Emporda'!I10 -> 422.1886 | K18: =I18-J18 -> -55.715478
A19: Vall Gran 6 | B19: 0.00919 | C19: =25497.74*B19 -> 234.32423 | D19: =39877.38*B19 -> 366.47312 | E19: =D19-C19 -> 132.14889 | H19: =C19+F19 -> 234.32423 | I19: =D19+G19 -> 366.47312 | J19: ='Presupuesto Emporda'!I11 -> 422.1886 | K19: =I19-J19 -> -55.715478
A20: Vall Gran 7 | B20: 0.00919 | C20: =25497.74*B20 -> 234.32423 | D20: =39877.38*B20 -> 366.47312 | E20: =D20-C20 -> 132.14889 | H20: =C20+F20 -> 234.32423 | I20: =D20+G20 -> 366.47312 | J20: ='Presupuesto Emporda'!I12 -> 422.1886 | K20: =I20-J20 -> -55.715478
A21: Vall Gran 8 | B21: 0.00919 | C21: =25497.74*B21 -> 234.32423 | D21: =39877.38*B21 -> 366.47312 | E21: =D21-C21 -> 132.14889 | H21: =C21+F21 -> 234.32423 | I21: =D21+G21 -> 366.47312 | J21: ='Presupuesto Emporda'!I13 -> 422.1886 | K21: =I21-J21 -> -55.715478
A22: Vall Gran 9 | B22: 0.00919 | C22: =25497.74*B22 -> 234.32423 | D22: =39877.38*B22 -> 366.47312 | E22: =D22-C22 -> 132.14889 | H22: =C22+F22 -> 234.32423 | I22: =D22+G22 -> 366.47312 | J22: ='Presupuesto Emporda'!I14 -> 422.1886 | K22: =I22-J22 -> -55.715478
A23: Vall Gran 10 | B23: 0.00919 | C23: =25497.74*B23 -> 234.32423 | D23: =39877.38*B23 -> 366.47312 | E23: =D23-C23 -> 132.14889 | H23: =C23+F23 -> 234.32423 | I23: =D23+G23 -> 366.47312 | J23: ='Presupuesto Emporda'!I15 -> 422.1886 | K23: =I23-J23 -> -55.715478
A24: Vall Gran 11 | B24: 0.00919 | C24: =25497.74*B24 -> 234.32423 | D24: =39877.38*B24 -> 366.47312 | E24: =D24-C24 -> 132.14889 | H24: =C24+F24 -> 234.32423 | I24: =D24+G24 -> 366.47312 | J24: ='Presupuesto Emporda'!I16 -> 422.1886 | K24: =I24-J24 -> -55.715478
A25: Vall Gran 12 | B25: 0.00919 | C25: =25497.74*B25 -> 234.32423 | D25: =39877.38*B25 -> 366.47312 | E25: =D25-C25 -> 132.14889 | H25: =C25+F25 -> 234.32423 | I25: =D25+G25 -> 366.47312 | J25: ='Presupuesto Emporda'!I17 -> 422.1886 | K25: =I25-J25 -> -55.715478
... A42: Vall Gran 29 | B42: 0.00919 | C42: =25497.74*B42 -> 234.32423 | D42: =39877.38*B42 -> 366.47312 | E42: =D42-C42 -> 132.14889 | H42: =C42+F42 -> 234.32423 | I42: =D42+G42 -> 366.47312 | J42: ='Presupuesto Emporda'!I34 -> 422.1886 | K42: =I42-J42 -> -55.715478
A43: Capelles 30 | B43: 0.00697 | C43: =25497.74*B43 -> 177.71925 | D43: =39877.38*B43 -> 277.94534 | E43: =D43-C43 -> 100.22609 | F43: =G175 -> 104.37 | G43: =F43*1.56388 -> 163.22216 | H43: =C43+F43 -> 282.08925 | I43: =D43+G43 -> 441.16749 | J43: ='Presupuesto Emporda'!I35 -> 508.24523 | K43: =I43-J43 -> -67.077735
A44: Capelles 31 | B44: 0.00697 | C44: =25497.74*B44 -> 177.71925 | D44: =39877.38*B44 -> 277.94534 | E44: =D44-C44 -> 100.22609 | F44: =G176 -> 411.99 | G44: =F44*1.56388 -> 644.30292 | H44: =C44+F44 -> 589.70925 | I44: =D44+G44 -> 922.24826 | J44: ='Presupuesto Emporda'!I36 -> 1062.4842 | K44: =I44-J44 -> -140.23592
A45: Capelles 32 | B45: 0.00697 | C45: =25497.74*B45 -> 177.71925 | D45: =39877.38*B45 -> 277.94534 | E45: =D45-C45 -> 100.22609 | F45: =G177 -> 411.99 | G45: =F45*1.56388 -> 644.30292 | H45: =C45+F45 -> 589.70925 | I45: =D45+G45 -> 922.24826 | J45: ='Presupuesto Emporda'!I37 -> 1062.4842 | K45: =I45-J45 -> -140.23592
A46: Capelles 33 | B46: 0.00697 | C46: =25497.74*B46 -> 177.71925 | D46: =39877.38*B46 -> 277.94534 | E46: =D46-C46 -> 100.22609 | F46: =G178 -> 411.99 | G46: =F46*1.56388 -> 644.30292 | H46: =C46+F46 -> 589.70925 | I46: =D46+G46 -> 922.24826 | J46: ='Presupuesto Emporda'!I38 -> 1062.4842 | K46: =I46-J46 -> -140.23592
A47: Capelles 34 | B47: 0.00697 | C47: =25497.74*B47 -> 177.71925 | D47: =39877.38*B47 -> 277.94534 | E47: =D47-C47 -> 100.22609 | F47: =G179 -> 104.37 | G47: =F47*1.56388 -> 163.22216 | H47: =C47+F47 -> 282.08925 | I47: =D47+G47 -> 441.16749 | J47: ='Presupuesto Emporda'!I39 -> 508.24523 | K47: =I47-J47 -> -67.077735
A48: Capelles 35 | B48: 0.00713 | C48: =25497.74*B48 -> 181.79889 | D48: =39877.38*B48 -> 284.32572 | E48: =D48-C48 -> 102.52683 | F48: =G180 -> 411.99 | G48: =F48*1.56388 -> 644.30292 | H48: =C48+F48 -> 593.78889 | I48: =D48+G48 -> 928.62864 | J48: ='Presupuesto Emporda'!I40 -> 1069.8346 | K48: =I48-J48 -> -141.20594
A49: Capelles 36 | B49: 0.00713 | C49: =25497.74*B49 -> 181.79889 | D49: =39877.38*B49 -> 284.32572 | E49: =D49-C49 -> 102.52683 | F49: =G181 -> 104.37 | G49: =F49*1.56388 -> 163.22216 | H49: =C49+F49 -> 286.16889 | I49: =D49+G49 -> 447.54787 | J49: ='Presupuesto Emporda'!I41 -> 515.59563 | K49: =I49-J49 -> -68.047754
A50: Capelles 37 | B50: 0.00697 | C50: =25497.74*B50 -> 177.71925 | D50: =39877.38*B50 -> 277.94534 | E50: =D50-C50 -> 100.22609 | F50: =G182 -> 411.99 | G50: =F50*1.56388 -> 644.30292 | H50: =C50+F50 -> 589.70925 | I50: =D50+G50 -> 922.24826 | J50: ='Presupuesto Emporda'!I42 -> 1062.4842 | K50: =I50-J50 -> -140.23592
A51: Capelles 38 | B51: 0.00697 | C51: =25497.74*B51 -> 177.71925 | D51: =39877.38*B51 -> 277.94534 | E51: =D51-C51 -> 100.22609 | F51: =G183 -> 411.99 | G51: =F51*1.56388 -> 644.30292 | H51: =C51+F51 -> 589.70925 | I51: =D51+G51 -> 922.24826 | J51: ='Presupuesto Emporda'!I43 -> 1062.4842 | K51: =I51-J51 -> -140.23592
A52: Capelles 39 | B52: 0.00697 | C52: =25497.74*B52 -> 177.71925 | D52: =39877.38*B52 -> 277.94534 | E52: =D52-C52 -> 100.22609 | F52: =G184 -> 411.99 | G52: =F52*1.56388 -> 644.30292 | H52: =C52+F52 -> 589.70925 | I52: =D52+G52 -> 922.24826 | J52: ='Presupuesto Emporda'!I44 -> 1062.4842 | K52: =I52-J52 -> -140.23592
A53: Capelles 40 | B53: 0.00697 | C53: =25497.74*B53 -> 177.71925 | D53: =39877.38*B53 -> 277.94534 | E53: =D53-C53 -> 100.22609 | F53: =G185 -> 411.99 | G53: =F53*1.56388 -> 644.30292 | H53: =C53+F53 -> 589.70925 | I53: =D53+G53 -> 922.24826 | J53: ='Presupuesto Emporda'!I45 -> 1062.4842 | K53: =I53-J53 -> -140.23592
A54: Capelles 41 | B54: 0.00697 | C54: =25497.74*B54 -> 177.71925 | D54: =39877.38*B54 -> 277.94534 | E54: =D54-C54 -> 100.22609 | F54: =G186 -> 411.99 | G54: =F54*1.56388 -> 644.30292 | H54: =C54+F54 -> 589.70925 | I54: =D54+G54 -> 922.24826 | J54: ='Presupuesto Emporda'!I46 -> 1062.4842 | K54: =I54-J54 -> -140.23592
... A84: Vall Petita 71 | B84: 0.00539 | C84: =25497.74*B84 -> 137.43282 | D84: =39877.38*B84 -> 214.93908 | E84: =D84-C84 -> 77.50626 | F84: =G216 -> 66.43 | G84: =F84*1.56388 -> 103.88855 | H84: =C84+F84 -> 203.86282 | I84: =D84+G84 -> 318.82763 | J84: ='Presupuesto Emporda'!I76 -> 367.30353 | K84: =I84-J84 -> -48.475904
A85: Vall Petita 72 | B85: 0.00539 | C85: =25497.74*B85 -> 137.43282 | D85: =39877.38*B85 -> 214.93908 | E85: =D85-C85 -> 77.50626 | H85: =C85+F85 -> 137.43282 | I85: =D85+G85 -> 214.93908 | J85: ='Presupuesto Emporda'!I77 -> 247.6166 | K85: =I85-J85 -> -32.677522
A86: Vall Petita 73 | B86: 0.00546 | C86: =25497.74*B86 -> 139.21766 | D86: =39877.38*B86 -> 217.73049 | E86: =D86-C86 -> 78.512834 | H86: =C86+F86 -> 139.21766 | I86: =D86+G86 -> 217.73049 | J86: ='Presupuesto Emporda'!I78 -> 250.8324 | K86: =I86-J86 -> -33.101905
A87: STC 74 | B87: 0.00982 | C87: =25497.74*B87 -> 250.38781 | D87: =39877.38*B87 -> 391.59587 | E87: =D87-C87 -> 141.20806 | H87: =C87+F87 -> 250.38781 | I87: =D87+G87 -> 391.59587 | J87: ='Presupuesto Emporda'!I79 -> 451.1308 | K87: =I87-J87 -> -59.534928
A88: STC 75 | B88: 0.01639 | C88: =25497.74*B88 -> 417.90796 | D88: =39877.38*B88 -> 653.59026 | E88: =D88-C88 -> 235.6823 | H88: =C88+F88 -> 417.90796 | I88: =D88+G88 -> 653.59026 | J88: ='Presupuesto Emporda'!I80 -> 752.9566 | K88: =I88-J88 -> -99.366342
A89: GA 76 | B89: 0.00663 | C89: =25497.74*B89 -> 169.05002 | D89: =39877.38*B89 -> 264.38703 | E89: =D89-C89 -> 95.337013 | F89: =G217 -> 46.03 | G89: =F89*1.56388 -> 71.985396 | H89: =C89+F89 -> 215.08002 | I89: =D89+G89 -> 336.37243 | J89: ='Presupuesto Emporda'!I81 -> 387.51445 | K89: =I89-J89 -> -51.142025
A90: GA 77 | B90: 0.00663 | C90: =25497.74*B90 -> 169.05002 | D90: =39877.38*B90 -> 264.38703 | E90: =D90-C90 -> 95.337013 | F90: =G218 -> 46.03 | G90: =F90*1.56388 -> 71.985396 | H90: =C90+F90 -> 215.08002 | I90: =D90+G90 -> 336.37243 | J90: ='Presupuesto Emporda'!I82 -> 387.51445 | K90: =I90-J90 -> -51.142025
A91: GA 78 | B91: 0.00663 | C91: =25497.74*B91 -> 169.05002 | D91: =39877.38*B91 -> 264.38703 | E91: =D91-C91 -> 95.337013 | F91: =G219 -> 46.03 | G91: =F91*1.56388 -> 71.985396 | H91: =C91+F91 -> 215.08002 | I91: =D91+G91 -> 336.37243 | J91: ='Presupuesto Emporda'!I83 -> 387.51445 | K91: =I91-J91 -> -51.142025
A92: GA 79 | B92: 0.00663 | C92: =25497.74*B92 -> 169.05002 | D92: =39877.38*B92 -> 264.38703 | E92: =D92-C92 -> 95.337013 | F92: =G220 -> 46.03 | G92: =F92*1.56388 -> 71.985396 | H92: =C92+F92 -> 215.08002 | I92: =D92+G92 -> 336.37243 | J92: ='Presupuesto Emporda'!I84 -> 387.51445 | K92: =I92-J92 -> -51.142025
A93: GA 80 | B93: 0.00663 | C93: =25497.74*B93 -> 169.05002 | D93: =39877.38*B93 -> 264.38703 | E93: =D93-C93 -> 95.337013 | F93: =G221 -> 46.03 | G93: =F93*1.56388 -> 71.985396 | H93: =C93+F93 -> 215.08002 | I93: =D93+G93 -> 336.37243 | J93: ='Presupuesto Emporda'!I85 -> 387.51445 | K93: =I93-J93 -> -51.142025
A94: GA 81 | B94: 0.00663 | C94: =25497.74*B94 -> 169.05002 | D94: =39877.38*B94 -> 264.38703 | E94: =D94-C94 -> 95.337013 | F94: =G222 -> 46.03 | G94: =F94*1.56388 -> 71.985396 | H94: =C94+F94 -> 215.08002 | I94: =D94+G94 -> 336.37243 | J94: ='Presupuesto Emporda'!I86 -> 387.51445 | K94: =I94-J94 -> -51.142025
A95: GA 82 | B95: 0.00663 | C95: =25497.74*B95 -> 169.05002 | D95: =39877.38*B95 -> 264.38703 | E95: =D95-C95 -> 95.337013 | F95: =G223 -> 46.03 | G95: =F95*1.56388 -> 71.985396 | H95: =C95+F95 -> 215.08002 | I95: =D95+G95 -> 336.37243 | J95: ='Presupuesto Emporda'!I87 -> 387.51445 | K95: =I95-J95 -> -51.142025
A96: GA 83 | B96: 0.00663 | C96: =25497.74*B96 -> 169.05002 | D96: =39877.38*B96 -> 264.38703 | E96: =D96-C96 -> 95.337013 | F96: =G224 -> 46.03 | G96: =F96*1.56388 -> 71.985396 | H96: =C96+F96 -> 215.08002 | I96: =D96+G96 -> 336.37243 | J96: ='Presupuesto Emporda'!I88 -> 387.51445 | K96: =I96-J96 -> -51.142025
A97: GA 84A | B97: 0.00663 | C97: =25497.74*B97 -> 169.05002 | D97: =39877.38*B97 -> 264.38703 | E97: =D97-C97 -> 95.337013 | F97: =G225 -> 46.03 | G97: =F97*1.56388 -> 71.985396 | H97: =C97+F97 -> 215.08002 | I97: =D97+G97 -> 336.37243 | J97: ='Presupuesto Emporda'!I89 -> 387.51445 | K97: =I97-J97 -> -51.142025
A98: GA 84B | B98: 0.00663 | C98: =25497.74*B98 -> 169.05002 | D98: =39877.38*B98 -> 264.38703 | E98: =D98-C98 -> 95.337013 | F98: =G226 -> 46.03 | G98: =F98*1.56388 -> 71.985396 | H98: =C98+F98 -> 215.08002 | I98: =D98+G98 -> 336.37243 | J98: ='Presupuesto Emporda'!I90 -> 387.51445 | K98: =I98-J98 -> -51.142025
A99: Ermita 85 | B99: 0.00507 | C99: =25497.74*B99 -> 129.27354 | D99: =39877.38*B99 -> 202.17832 | E99: =D99-C99 -> 72.904775 | H99: =C99+F99 -> 129.27354 | I99: =D99+G99 -> 202.17832 | J99: ='Presupuesto Emporda'!I91 -> 232.9158 | K99: =I99-J99 -> -30.737483
A100: Ermita 86 | B100: 0.00681 | C100: =25497.74*B100 -> 173.63961 | D100: =39877.38*B100 -> 271.56496 | E100: =D100-C100 -> 97.925348 | H100: =C100+F100 -> 173.63961 | I100: =D100+G100 -> 271.56496 | J100: ='Presupuesto Emporda'!I92 -> 312.8514 | K100: =I100-J100 -> -41.286442
A101: Ermita 87 | B101: 0.00499 | C101: =25497.74*B101 -> 127.23372 | D101: =39877.38*B101 -> 198.98813 | E101: =D101-C101 -> 71.754404 | H101: =C101+F101 -> 127.23372 | I101: =D101+G101 -> 198.98813 | J101: ='Presupuesto Emporda'!I93 -> 229.2406 | K101: =I101-J101 -> -30.252474
A102: Ermita 88 | B102: 0.00523 | C102: =25497.74*B102 -> 133.35318 | D102: =39877.38*B102 -> 208.5587 | E102: =D102-C102 -> 75.205517 | H102: =C102+F102 -> 133.35318 | I102: =D102+G102 -> 208.5587 | J102: ='Presupuesto Emporda'!I94 -> 240.2662 | K102: =I102-J102 -> -31.707503
A103: Ermita 89 | B103: 0.00523 | C103: =25497.74*B103 -> 133.35318 | D103: =39877.38*B103 -> 208.5587 | E103: =D103-C103 -> 75.205517 | H103: =C103+F103 -> 133.35318 | I103: =D103+G103 -> 208.5587 | J103: ='Presupuesto Emporda'!I95 -> 240.2662 | K103: =I103-J103 -> -31.707503
A104: Ermita 90 | B104: 0.0057 | C104: =25497.74*B104 -> 145.33712 | D104: =39877.38*B104 -> 227.30107 | E104: =D104-C104 -> 81.963948 | H104: =C104+F104 -> 145.33712 | I104: =D104+G104 -> 227.30107 | J104: ='Presupuesto Emporda'!I96 -> 261.858 | K104: =I104-J104 -> -34.556934
A105: Ermita 91 | B105: 0.00499 | C105: =25497.74*B105 -> 127.23372 | D105: =39877.38*B105 -> 198.98813 | E105: =D105-C105 -> 71.754404 | H105: =C105+F105 -> 127.23372 | I105: =D105+G105 -> 198.98813 | J105: ='Presupuesto Emporda'!I97 -> 229.2406 | K105: =I105-J105 -> -30.252474
A106: Ermita 92 | B106: 0.00523 | C106: =25497.74*B106 -> 133.35318 | D106: =39877.38*B106 -> 208.5587 | E106: =D106-C106 -> 75.205517 | H106: =C106+F106 -> 133.35318 | I106: =D106+G106 -> 208.5587 | J106: ='Presupuesto Emporda'!I98 -> 240.2662 | K106: =I106-J106 -> -31.707503
A107: Ermita 93 | B107: 0.00507 | C107: =25497.74*B107 -> 129.27354 | D107: =39877.38*B107 -> 202.17832 | E107: =D107-C107 -> 72.904775 | H107: =C107+F107 -> 129.27354 | I107: =D107+G107 -> 202.17832 | J107: ='Presupuesto Emporda'!I99 -> 232.9158 | K107: =I107-J107 -> -30.737483
A108: Ermita 94 | B108: 0.00681 | C108: =25497.74*B108 -> 173.63961 | D108: =39877.38*B108 -> 271.56496 | E108: =D108-C108 -> 97.925348 | H108: =C108+F108 -> 173.63961 | I108: =D108+G108 -> 271.56496 | J108: ='Presupuesto Emporda'!I100 -> 312.8514 | K108: =I108-J108 -> -41.286442
A109: Ermita 95 | B109: 0.00887 | C109: =25497.74*B109 -> 226.16495 | D109: =39877.38*B109 -> 353.71236 | E109: =D109-C109 -> 127.54741 | H109: =C109+F109 -> 226.16495 | I109: =D109+G109 -> 353.71236 | J109: ='Presupuesto Emporda'!I101 -> 407.4878 | K109: =I109-J109 -> -53.775439
A110: Ermita 96 | B110: 0.00713 | C110: =25497.74*B110 -> 181.79889 | D110: =39877.38*B110 -> 284.32572 | E110: =D110-C110 -> 102.52683 | H110: =C110+F110 -> 181.79889 | I110: =D110+G110 -> 284.32572 | J110: ='Presupuesto Emporda'!I102 -> 327.5522 | K110: =I110-J110 -> -43.226481
... A118: Ermita 104 | B118: 0.00523 | C118: =25497.74*B118 -> 133.35318 | D118: =39877.38*B118 -> 208.5587 | E118: =D118-C118 -> 75.205517 | H118: =C118+F118 -> 133.35318 | I118: =D118+G118 -> 208.5587 | J118: ='Presupuesto Emporda'!I110 -> 240.2662 | K118: =I118-J118 -> -31.707503
A119: Vall Petita 105 | B119: 0.00546 | C119: =25497.74*B119 -> 139.21766 | D119: =39877.38*B119 -> 217.73049 | E119: =D119-C119 -> 78.512834 | F119: =G227 -> 323.42 | G119: =F119*1.56388 -> 505.79007 | H119: =C119+F119 -> 462.63766 | I119: =D119+G119 -> 723.52056 | J119: ='Presupuesto Emporda'!I111 -> 833.53821 | K119: =I119-J119 -> -110.01765
A120: Vall Petita 106 | B120: 0.00539 | C120: =25497.74*B120 -> 137.43282 | D120: =39877.38*B120 -> 214.93908 | E120: =D120-C120 -> 77.50626 | F120: =G228 -> 66.43 | G120: =F120*1.56388 -> 103.88855 | H120: =C120+F120 -> 203.86282 | I120: =D120+G120 -> 318.82763 | J120: ='Presupuesto Emporda'!I112 -> 367.30353 | K120: =I120-J120 -> -48.475904
A121: Vall Petita 107 | B121: 0.00539 | C121: =25497.74*B121 -> 137.43282 | D121: =39877.38*B121 -> 214.93908 | E121: =D121-C121 -> 77.50626 | F121: =G229 -> 66.43 | G121: =F121*1.56388 -> 103.88855 | H121: =C121+F121 -> 203.86282 | I121: =D121+G121 -> 318.82763 | J121: ='Presupuesto Emporda'!I113 -> 367.30353 | K121: =I121-J121 -> -48.475904
A122: Vall Petita 108 | B122: 0.00539 | C122: =25497.74*B122 -> 137.43282 | D122: =39877.38*B122 -> 214.93908 | E122: =D122-C122 -> 77.50626 | F122: =G230 -> 66.43 | G122: =F122*1.56388 -> 103.88855 | H122: =C122+F122 -> 203.86282 | I122: =D122+G122 -> 318.82763 | J122: ='Presupuesto Emporda'!I114 -> 367.30353 | K122: =I122-J122 -> -48.475904
A123: Vall Petita 109 | B123: 0.00539 | C123: =25497.74*B123 -> 137.43282 | D123: =39877.38*B123 -> 214.93908 | E123: =D123-C123 -> 77.50626 | F123: =G231 -> 323.42 | G123: =F123*1.56388 -> 505.79007 | H123: =C123+F123 -> 460.85282 | I123: =D123+G123 -> 720.72915 | J123: ='Presupuesto Emporda'!I115 -> 830.32241 | K123: =I123-J123 -> -109.59327
A124: Vall Petita 110 | B124: 0.00539 | C124: =25497.74*B124 -> 137.43282 | D124: =39877.38*B124 -> 214.93908 | E124: =D124-C124 -> 77.50626 | F124: =G232 -> 66.43 | G124: =F124*1.56388 -> 103.88855 | H124: =C124+F124 -> 203.86282 | I124: =D124+G124 -> 318.82763 | J124: ='Presupuesto Emporda'!I116 -> 367.30353 | K124: =I124-J124 -> -48.475904
A125: Vall Petita 111 | B125: 0.00546 | C125: =25497.74*B125 -> 139.21766 | D125: =39877.38*B125 -> 217.73049 | E125: =D125-C125 -> 78.512834 | F125: =G233 -> 66.43 | G125: =F125*1.56388 -> 103.88855 | H125: =C125+F125 -> 205.64766 | I125: =D125+G125 -> 321.61904 | J125: ='Presupuesto Emporda'!I117 -> 370.51933 | K125: =I125-J125 -> -48.900288
A126: Vall Petita 112 | B126: 0.00546 | C126: =25497.74*B126 -> 139.21766 | D126: =39877.38*B126 -> 217.73049 | E126: =D126-C126 -> 78.512834 | F126: =G234 -> 66.43 | G126: =F126*1.56388 -> 103.88855 | H126: =C126+F126 -> 205.64766 | I126: =D126+G126 -> 321.61904 | J126: ='Presupuesto Emporda'!I118 -> 370.51933 | K126: =I126-J126 -> -48.900288
A127: Vall Petita 113 | B127: 0.00539 | C127: =25497.74*B127 -> 137.43282 | D127: =39877.38*B127 -> 214.93908 | E127: =D127-C127 -> 77.50626 | F127: =G235 -> 66.43 | G127: =F127*1.56388 -> 103.88855 | H127: =C127+F127 -> 203.86282 | I127: =D127+G127 -> 318.82763 | J127: ='Presupuesto Emporda'!I119 -> 367.30353 | K127: =I127-J127 -> -48.475904
A128: Vall Petita 114 | B128: 0.00539 | C128: =25497.74*B128 -> 137.43282 | D128: =39877.38*B128 -> 214.93908 | E128: =D128-C128 -> 77.50626 | F128: =G236 -> 66.43 | G128: =F128*1.56388 -> 103.88855 | H128: =C128+F128 -> 203.86282 | I128: =D128+G128 -> 318.82763 | J128: ='Presupuesto Emporda'!I120 -> 367.30353 | K128: =I128-J128 -> -48.475904
A129: Vall Petita 115 | B129: 0.00539 | C129: =25497.74*B129 -> 137.43282 | D129: =39877.38*B129 -> 214.93908 | E129: =D129-C129 -> 77.50626 | F129: =G237 -> 66.43 | G129: =F129*1.56388 -> 103.88855 | H129: =C129+F129 -> 203.86282 | I129: =D129+G129 -> 318.82763 | J129: ='Presupuesto Emporda'!I121 -> 367.30353 | K129: =I129-J129 -> -48.475904
A130: Vall Petita 116 | B130: 0.00539 | C130: =25497.74*B130 -> 137.43282 | D130: =39877.38*B130 -> 214.93908 | E130: =D130-C130 -> 77.50626 | F130: =G238 -> 66.43 | G130: =F130*1.56388 -> 103.88855 | H130: =C130+F130 -> 203.86282 | I130: =D130+G130 -> 318.82763 | J130: ='Presupuesto Emporda'!I122 -> 367.30353 | K130: =I130-J130 -> -48.475904
... A166: Vall Petita 152 | B166: 0.00546 | C166: =25497.74*B166 -> 139.21766 | D166: =39877.38*B166 -> 217.73049 | E166: =D166-C166 -> 78.512834 | F166: =G274 -> 323.42 | G166: =F166*1.56388 -> 505.79007 | H166: =C166+F166 -> 462.63766 | I166: =D166+G166 -> 723.52056 | J166: ='Presupuesto Emporda'!I158 -> 833.53821 | K166: =I166-J166 -> -110.01765
A168: SUMA | C168: =SUM(C14:C167) -> 25508.449 | D168: =SUM(D14:D167) -> 39894.128 | F168: =SUM(F43:F167) -> 19605.62 | G168: =SUM(G43:G167) -> 30660.837 | I168: =SUM(I14:I167) -> 70554.966 | J168: =SUM(J14:J167) -> 81282.74
A171: Aplicación precio por porcentaje del 80,17% a las cuotas de jardineria privativa
A173: Las Cuotas que ha cobrado Torrent 2025 - 2026 de Jardins L'Emporda | I173: Las cuotas que tendrian que ser teoricamente este año 2027 con la subida del 56,388% de jardines privativos CAN MONTES
B174: Solo poda tuias | C174: Cesped y tuias | D174: Apt. Garden | E174: Solo poda tuias | F174: Cesped y tuias | G174: Precio final | J174: Solo poda tuias | K174: Cesped y tuias | L174: Apt. Garden | M174: Solo poda tuias | N174: Cesped y tuias | O174: Suma Precio final | P174: Aumento de cuota en comparacion año 2026
A175: LC 30 | B175: 104.37 | G175: =SUM(B175:F175) -> 104.37 | I175: LC 30 | J175: =1.56388*B175 -> 163.22216 | O175: =SUM(J175:N175) -> 163.22216 | P175: =SUM(J175:N175)-SUM(B175:F175) -> 58.852156
A176: LC 31 | C176: 411.99 | G176: =SUM(B176:F176) -> 411.99 | I176: LC 31 | K176: =1.56388*C176 -> 644.30292 | O176: =SUM(J176:N176) -> 644.30292 | P176: =SUM(J176:N176)-SUM(B176:F176) -> 232.31292
A177: LC 32 | C177: 411.99 | G177: =SUM(B177:F177) -> 411.99 | I177: LC 32 | K177: =1.56388*C177 -> 644.30292 | O177: =SUM(J177:N177) -> 644.30292 | P177: =SUM(J177:N177)-SUM(B177:F177) -> 232.31292
A178: LC 33 | C178: 411.99 | G178: =SUM(B178:F178) -> 411.99 | I178: LC 33 | K178: =1.56388*C178 -> 644.30292 | O178: =SUM(J178:N178) -> 644.30292 | P178: =SUM(J178:N178)-SUM(B178:F178) -> 232.31292
A179: LC 34 | B179: 104.37 | G179: =SUM(B179:F179) -> 104.37 | I179: LC 34 | J179: =1.56388*B179 -> 163.22216 | O179: =SUM(J179:N179) -> 163.22216 | P179: =SUM(J179:N179)-SUM(B179:F179) -> 58.852156
A180: LC 35 | C180: 411.99 | G180: =SUM(B180:F180) -> 411.99 | I180: LC 35 | K180: =1.56388*C180 -> 644.30292 | O180: =SUM(J180:N180) -> 644.30292 | P180: =SUM(J180:N180)-SUM(B180:F180) -> 232.31292
A181: LC 36 | B181: 104.37 | G181: =SUM(B181:F181) -> 104.37 | I181: LC 36 | J181: =1.56388*B181 -> 163.22216 | O181: =SUM(J181:N181) -> 163.22216 | P181: =SUM(J181:N181)-SUM(B181:F181) -> 58.852156
A182: LC 37 | C182: 411.99 | G182: =SUM(B182:F182) -> 411.99 | I182: LC 37 | K182: =1.56388*C182 -> 644.30292 | O182: =SUM(J182:N182) -> 644.30292 | P182: =SUM(J182:N182)-SUM(B182:F182) -> 232.31292
A183: LC 38 | C183: 411.99 | G183: =SUM(B183:F183) -> 411.99 | I183: LC 38 | K183: =1.56388*C183 -> 644.30292 | O183: =SUM(J183:N183) -> 644.30292 | P183: =SUM(J183:N183)-SUM(B183:F183) -> 232.31292
A184: LC 39 | C184: 411.99 | G184: =SUM(B184:F184) -> 411.99 | I184: LC 39 | K184: =1.56388*C184 -> 644.30292 | O184: =SUM(J184:N184) -> 644.30292 | P184: =SUM(J184:N184)-SUM(B184:F184) -> 232.31292
A185: LC 40 | C185: 411.99 | G185: =SUM(B185:F185) -> 411.99 | I185: LC 40 | K185: =1.56388*C185 -> 644.30292 | O185: =SUM(J185:N185) -> 644.30292 | P185: =SUM(J185:N185)-SUM(B185:F185) -> 232.31292
A186: LC 41 | C186: 411.99 | G186: =SUM(B186:F186) -> 411.99 | I186: LC 41 | K186: =1.56388*C186 -> 644.30292 | O186: =SUM(J186:N186) -> 644.30292 | P186: =SUM(J186:N186)-SUM(B186:F186) -> 232.31292
A187: LC 42 | C187: 411.99 | G187: =SUM(B187:F187) -> 411.99 | I187: LC 42 | K187: =1.56388*C187 -> 644.30292 | O187: =SUM(J187:N187) -> 644.30292 | P187: =SUM(J187:N187)-SUM(B187:F187) -> 232.31292
A188: LC 43 | C188: 411.99 | G188: =SUM(B188:F188) -> 411.99 | I188: LC 43 | K188: =1.56388*C188 -> 644.30292 | O188: =SUM(J188:N188) -> 644.30292 | P188: =SUM(J188:N188)-SUM(B188:F188) -> 232.31292
A189: VP 44 | F189: 323.42 | G189: =SUM(B189:F189) -> 323.42 | I189: VP 44 | N189: =1.56388*F189 -> 505.79007 | O189: =SUM(J189:N189) -> 505.79007 | P189: =SUM(J189:N189)-SUM(B189:F189) -> 182.37007
A190: vp 45 | E190: 66.43 | G190: =SUM(B190:F190) -> 66.43 | I190: vp 45 | M190: =1.56388*E190 -> 103.88855 | O190: =SUM(J190:N190) -> 103.88855 | P190: =SUM(J190:N190)-SUM(B190:F190) -> 37.458548
A191: VP 46 | E191: 66.43 | G191: =SUM(B191:F191) -> 66.43 | I191: VP 46 | M191: =1.56388*E191 -> 103.88855 | O191: =SUM(J191:N191) -> 103.88855 | P191: =SUM(J191:N191)-SUM(B191:F191) -> 37.458548
A192: VP 47 | E192: 66.43 | G192: =SUM(B192:F192) -> 66.43 | I192: VP 47 | M192: =1.56388*E192 -> 103.88855 | O192: =SUM(J192:N192) -> 103.88855 | P192: =SUM(J192:N192)-SUM(B192:F192) -> 37.458548
A193: VP 48 | F193: 323.42 | G193: =SUM(B193:F193) -> 323.42 | I193: VP 48 | N193: =1.56388*F193 -> 505.79007 | O193: =SUM(J193:N193) -> 505.79007 | P193: =SUM(J193:N193)-SUM(B193:F193) -> 182.37007
A194: VP 49 | E194: 66.43 | G194: =SUM(B194:F194) -> 66.43 | I194: VP 49 | M194: =1.56388*E194 -> 103.88855 | O194: =SUM(J194:N194) -> 103.88855 | P194: =SUM(J194:N194)-SUM(B194:F194) -> 37.458548
...

Sheet Refundido 2  presp.
A2: Jardineria Emporda y Jardineria Can Montes comparativa precios por casa refundido jardineria comunitaria
B4: Importes: | C4: 25497.79 | D4: 45940 | J4: 39877.38
A5: Departament | B5: Multiplicador coeficientes | C5: Importe ya pagado jardineria Comunitaria 2025 - 2026 con segunda poda incluida | D5: Lo que pagaria ahora con el presupuesto año 2027 Jardineria Emporda con aumento del 80,17% | E5: Diferencia de mas por casa jardineria comunitaria | F5: Cuota 2025 / 2026 Pagada jardineria privativa | G5: Cuota a pagar teoricamente aumento 80,17% Jardineria privativa. | H5: La suma de lo pagado finalmente en 2025-2026 de jardineria Emporda | I5: Lo que pagaria ahora con el presupuesto año 2027 Jardineria Emporda con aumento del 80,17% | J5: Lo que pagaria ahora con el presupuesto año 2027 Jardineria Can Montes con aumento del 56,388%
A6: Vall Gran 1 | B6: 0.00919 | C6: =25497.74*B6 -> 234.32423 | D6: =45940*B6 -> 422.1886 | E6: =D6-C6 -> 187.86437 | H6: =C6+F6 -> 234.32423 | I6: =D6+G6 -> 422.1886 | J6: =39877.36*B6 -> 366.47294
A7: Vall Gran 2 | B7: 0.00919 | C7: =25497.74*B7 -> 234.32423 | D7: =45940*B7 -> 422.1886 | E7: =D7-C7 -> 187.86437 | H7: =C7+F7 -> 234.32423 | I7: =D7+G7 -> 422.1886 | J7: =39877.36*B7 -> 366.47294
A8: Vall Gran 3 | B8: 0.00919 | C8: =25497.74*B8 -> 234.32423 | D8: =45940*B8 -> 422.1886 | E8: =D8-C8 -> 187.86437 | H8: =C8+F8 -> 234.32423 | I8: =D8+G8 -> 422.1886 | J8: =39877.36*B8 -> 366.47294
A9: Vall Gran 4 | B9: 0.00919 | C9: =25497.74*B9 -> 234.32423 | D9: =45940*B9 -> 422.1886 | E9: =D9-C9 -> 187.86437 | H9: =C9+F9 -> 234.32423 | I9: =D9+G9 -> 422.1886 | J9: =39877.36*B9 -> 366.47294
A10: Vall Gran 5 | B10: 0.00919 | C10: =25497.74*B10 -> 234.32423 | D10: =45940*B10 -> 422.1886 | E10: =D10-C10 -> 187.86437 | H10: =C10+F10 -> 234.32423 | I10: =D10+G10 -> 422.1886 | J10: =39877.36*B10 -> 366.47294
A11: Vall Gran 6 | B11: 0.00919 | C11: =25497.74*B11 -> 234.32423 | D11: =45940*B11 -> 422.1886 | E11: =D11-C11 -> 187.86437 | H11: =C11+F11 -> 234.32423 | I11: =D11+G11 -> 422.1886 | J11: =39877.36*B11 -> 366.47294
A12: Vall Gran 7 | B12: 0.00919 | C12: =25497.74*B12 -> 234.32423 | D12: =45940*B12 -> 422.1886 | E12: =D12-C12 -> 187.86437 | H12: =C12+F12 -> 234.32423 | I12: =D12+G12 -> 422.1886 | J12: =39877.36*B12 -> 366.47294
A13: Vall Gran 8 | B13: 0.00919 | C13: =25497.74*B13 -> 234.32423 | D13: =45940*B13 -> 422.1886 | E13: =D13-C13 -> 187.86437 | H13: =C13+F13 -> 234.32423 | I13: =D13+G13 -> 422.1886 | J13: =39877.36*B13 -> 366.47294
A14: Vall Gran 9 | B14: 0.00919 | C14: =25497.74*B14 -> 234.32423 | D14: =45940*B14 -> 422.1886 | E14: =D14-C14 -> 187.86437 | H14: =C14+F14 -> 234.32423 | I14: =D14+G14 -> 422.1886 | J14: =39877.36*B14 -> 366.47294
A15: Vall Gran 10 | B15: 0.00919 | C15: =25497.74*B15 -> 234.32423 | D15: =45940*B15 -> 422.1886 | E15: =D15-C15 -> 187.86437 | H15: =C15+F15 -> 234.32423 | I15: =D15+G15 -> 422.1886 | J15: =39877.36*B15 -> 366.47294
A16: Vall Gran 11 | B16: 0.00919 | C16: =25497.74*B16 -> 234.32423 | D16: =45940*B16 -> 422.1886 | E16: =D16-C16 -> 187.86437 | H16: =C16+F16 -> 234.32423 | I16: =D16+G16 -> 422.1886 | J16: =39877.36*B16 -> 366.47294
A17: Vall Gran 12 | B17: 0.00919 | C17: =25497.74*B17 -> 234.32423 | D17: =45940*B17 -> 422.1886 | E17: =D17-C17 -> 187.86437 | H17: =C17+F17 -> 234.32423 | I17: =D17+G17 -> 422.1886 | J17: =39877.36*B17 -> 366.47294
... A34: Vall Gran 29 | B34: 0.00919 | C34: =25497.74*B34 -> 234.32423 | D34: =45940*B34 -> 422.1886 | E34: =D34-C34 -> 187.86437 | H34: =C34+F34 -> 234.32423 | I34: =D34+G34 -> 422.1886 | J34: =39877.36*B34 -> 366.47294
A35: Capelles 30 | B35: 0.00697 | C35: =25497.74*B35 -> 177.71925 | D35: =45940*B35 -> 320.2018 | E35: =D35-C35 -> 142.48255 | F35: =G172 -> 0 | G35: =F35*1.8017 -> 0 | H35: =C35+F35 -> 177.71925 | I35: =D35+G35 -> 320.2018 | J35: =39877.36*B35 -> 277.9452
A36: Capelles 31 | B36: 0.00697 | C36: =25497.74*B36 -> 177.71925 | D36: =45940*B36 -> 320.2018 | E36: =D36-C36 -> 142.48255 | F36: =G173 -> 0 | G36: =F36*1.8017 -> 0 | H36: =C36+F36 -> 177.71925 | I36: =D36+G36 -> 320.2018 | J36: =39877.36*B36 -> 277.9452
A37: Capelles 32 | B37: 0.00697 | C37: =25497.74*B37 -> 177.71925 | D37: =45940*B37 -> 320.2018 | E37: =D37-C37 -> 142.48255 | F37: =G174 -> 0 | G37: =F37*1.8017 -> 0 | H37: =C37+F37 -> 177.71925 | I37: =D37+G37 -> 320.2018 | J37: =39877.36*B37 -> 277.9452
A38: Capelles 33 | B38: 0.00697 | C38: =25497.74*B38 -> 177.71925 | D38: =45940*B38 -> 320.2018 | E38: =D38-C38 -> 142.48255 | F38: =G175 -> 0 | G38: =F38*1.8017 -> 0 | H38: =C38+F38 -> 177.71925 | I38: =D38+G38 -> 320.2018 | J38: =39877.36*B38 -> 277.9452
A39: Capelles 34 | B39: 0.00697 | C39: =25497.74*B39 -> 177.71925 | D39: =45940*B39 -> 320.2018 | E39: =D39-C39 -> 142.48255 | F39: =G176 -> 0 | G39: =F39*1.8017 -> 0 | H39: =C39+F39 -> 177.71925 | I39: =D39+G39 -> 320.2018 | J39: =39877.36*B39 -> 277.9452
A40: Capelles 35 | B40: 0.00713 | C40: =25497.74*B40 -> 181.79889 | D40: =45940*B40 -> 327.5522 | E40: =D40-C40 -> 145.75331 | F40: =G177 -> 0 | G40: =F40*1.8017 -> 0 | H40: =C40+F40 -> 181.79889 | I40: =D40+G40 -> 327.5522 | J40: =39877.36*B40 -> 284.32558
A41: Capelles 36 | B41: 0.00713 | C41: =25497.74*B41 -> 181.79889 | D41: =45940*B41 -> 327.5522 | E41: =D41-C41 -> 145.75331 | F41: =G178 -> 0 | G41: =F41*1.8017 -> 0 | H41: =C41+F41 -> 181.79889 | I41: =D41+G41 -> 327.5522 | J41: =39877.36*B41 -> 284.32558
A42: Capelles 37 | B42: 0.00697 | C42: =25497.74*B42 -> 177.71925 | D42: =45940*B42 -> 320.2018 | E42: =D42-C42 -> 142.48255 | F42: =G179 -> 0 | G42: =F42*1.8017 -> 0 | H42: =C42+F42 -> 177.71925 | I42: =D42+G42 -> 320.2018 | J42: =39877.36*B42 -> 277.9452
A43: Capelles 38 | B43: 0.00697 | C43: =25497.74*B43 -> 177.71925 | D43: =45940*B43 -> 320.2018 | E43: =D43-C43 -> 142.48255 | F43: =G180 -> 0 | G43: =F43*1.8017 -> 0 | H43: =C43+F43 -> 177.71925 | I43: =D43+G43 -> 320.2018 | J43: =39877.36*B43 -> 277.9452
A44: Capelles 39 | B44: 0.00697 | C44: =25497.74*B44 -> 177.71925 | D44: =45940*B44 -> 320.2018 | E44: =D44-C44 -> 142.48255 | F44: =G181 -> 0 | G44: =F44*1.8017 -> 0 | H44: =C44+F44 -> 177.71925 | I44: =D44+G44 -> 320.2018 | J44: =39877.36*B44 -> 277.9452
A45: Capelles 40 | B45: 0.00697 | C45: =25497.74*B45 -> 177.71925 | D45: =45940*B45 -> 320.2018 | E45: =D45-C45 -> 142.48255 | F45: =G182 -> 0 | G45: =F45*1.8017 -> 0 | H45: =C45+F45 -> 177.71925 | I45: =D45+G45 -> 320.2018 | J45: =39877.36*B45 -> 277.9452
A46: Capelles 41 | B46: 0.00697 | C46: =25497.74*B46 -> 177.71925 | D46: =45940*B46 -> 320.2018 | E46: =D46-C46 -> 142.48255 | F46: =G183 -> 0 | G46: =F46*1.8017 -> 0 | H46: =C46+F46 -> 177.71925 | I46: =D46+G46 -> 320.2018 | J46: =39877.36*B46 -> 277.9452
... A76: Vall Petita 71 | B76: 0.00539 | C76: =25497.74*B76 -> 137.43282 | D76: =45940*B76 -> 247.6166 | E76: =D76-C76 -> 110.18378 | F76: =G213 -> 0 | G76: =F76*1.8017 -> 0 | H76: =C76+F76 -> 137.43282 | I76: =D76+G76 -> 247.6166 | J76: =39877.36*B76 -> 214.93897
A77: Vall Petita 72 | B77: 0.00539 | C77: =25497.74*B77 -> 137.43282 | D77: =45940*B77 -> 247.6166 | E77: =D77-C77 -> 110.18378 | H77: =C77+F77 -> 137.43282 | I77: =D77+G77 -> 247.6166 | J77: =39877.36*B77 -> 214.93897
A78: Vall Petita 73 | B78: 0.00546 | C78: =25497.74*B78 -> 139.21766 | D78: =45940*B78 -> 250.8324 | E78: =D78-C78 -> 111.61474 | H78: =C78+F78 -> 139.21766 | I78: =D78+G78 -> 250.8324 | J78: =39877.36*B78 -> 217.73039
A79: STC 74 | B79: 0.00982 | C79: =25497.74*B79 -> 250.38781 | D79: =45940*B79 -> 451.1308 | E79: =D79-C79 -> 200.74299 | H79: =C79+F79 -> 250.38781 | I79: =D79+G79 -> 451.1308 | J79: =39877.36*B79 -> 391.59568
A80: STC 75 | B80: 0.01639 | C80: =25497.74*B80 -> 417.90796 | D80: =45940*B80 -> 752.9566 | E80: =D80-C80 -> 335.04864 | H80: =C80+F80 -> 417.90796 | I80: =D80+G80 -> 752.9566 | J80: =39877.36*B80 -> 653.58993
A81: GA 76 | B81: 0.00663 | C81: =25497.74*B81 -> 169.05002 | D81: =45940*B81 -> 304.5822 | E81: =D81-C81 -> 135.53218 | F81: =G214 -> 0 | G81: =F81*1.8017 -> 0 | H81: =C81+F81 -> 169.05002 | I81: =D81+G81 -> 304.5822 | J81: =39877.36*B81 -> 264.3869
A82: GA 77 | B82: 0.00663 | C82: =25497.74*B82 -> 169.05002 | D82: =45940*B82 -> 304.5822 | E82: =D82-C82 -> 135.53218 | F82: =G215 -> 0 | G82: =F82*1.8017 -> 0 | H82: =C82+F82 -> 169.05002 | I82: =D82+G82 -> 304.5822 | J82: =39877.36*B82 -> 264.3869
A83: GA 78 | B83: 0.00663 | C83: =25497.74*B83 -> 169.05002 | D83: =45940*B83 -> 304.5822 | E83: =D83-C83 -> 135.53218 | F83: =G216 -> 0 | G83: =F83*1.8017 -> 0 | H83: =C83+F83 -> 169.05002 | I83: =D83+G83 -> 304.5822 | J83: =39877.36*B83 -> 264.3869
A84: GA 79 | B84: 0.00663 | C84: =25497.74*B84 -> 169.05002 | D84: =45940*B84 -> 304.5822 | E84: =D84-C84 -> 135.53218 | F84: =G217 -> 0 | G84: =F84*1.8017 -> 0 | H84: =C84+F84 -> 169.05002 | I84: =D84+G84 -> 304.5822 | J84: =39877.36*B84 -> 264.3869
A85: GA 80 | B85: 0.00663 | C85: =25497.74*B85 -> 169.05002 | D85: =45940*B85 -> 304.5822 | E85: =D85-C85 -> 135.53218 | F85: =G218 -> 0 | G85: =F85*1.8017 -> 0 | H85: =C85+F85 -> 169.05002 | I85: =D85+G85 -> 304.5822 | J85: =39877.36*B85 -> 264.3869
A86: GA 81 | B86: 0.00663 | C86: =25497.74*B86 -> 169.05002 | D86: =45940*B86 -> 304.5822 | E86: =D86-C86 -> 135.53218 | F86: =G219 -> 0 | G86: =F86*1.8017 -> 0 | H86: =C86+F86 -> 169.05002 | I86: =D86+G86 -> 304.5822 | J86: =39877.36*B86 -> 264.3869
A87: GA 82 | B87: 0.00663 | C87: =25497.74*B87 -> 169.05002 | D87: =45940*B87 -> 304.5822 | E87: =D87-C87 -> 135.53218 | F87: =G220 -> 0 | G87: =F87*1.8017 -> 0 | H87: =C87+F87 -> 169.05002 | I87: =D87+G87 -> 304.5822 | J87: =39877.36*B87 -> 264.3869
A88: GA 83 | B88: 0.00663 | C88: =25497.74*B88 -> 169.05002 | D88: =45940*B88 -> 304.5822 | E88: =D88-C88 -> 135.53218 | F88: =G221 -> 0 | G88: =F88*1.8017 -> 0 | H88: =C88+F88 -> 169.05002 | I88: =D88+G88 -> 304.5822 | J88: =39877.36*B88 -> 264.3869
A89: GA 84A | B89: 0.00663 | C89: =25497.74*B89 -> 169.05002 | D89: =45940*B89 -> 304.5822 | E89: =D89-C89 -> 135.53218 | F89: =G222 -> 0 | G89: =F89*1.8017 -> 0 | H89: =C89+F89 -> 169.05002 | I89: =D89+G89 -> 304.5822 | J89: =39877.36*B89 -> 264.3869
A90: GA 84B | B90: 0.00663 | C90: =25497.74*B90 -> 169.05002 | D90: =45940*B90 -> 304.5822 | E90: =D90-C90 -> 135.53218 | F90: =G223 -> 0 | G90: =F90*1.8017 -> 0 | H90: =C90+F90 -> 169.05002 | I90: =D90+G90 -> 304.5822 | J90: =39877.36*B90 -> 264.3869
A91: Ermita 85 | B91: 0.00507 | C91: =25497.74*B91 -> 129.27354 | D91: =45940*B91 -> 232.9158 | E91: =D91-C91 -> 103.64226 | H91: =C91+F91 -> 129.27354 | I91: =D91+G91 -> 232.9158 | J91: =39877.36*B91 -> 202.17822
A92: Ermita 86 | B92: 0.00681 | C92: =25497.74*B92 -> 173.63961 | D92: =45940*B92 -> 312.8514 | E92: =D92-C92 -> 139.21179 | H92: =C92+F92 -> 173.63961 | I92: =D92+G92 -> 312.8514 | J92: =39877.36*B92 -> 271.56482
A93: Ermita 87 | B93: 0.00499 | C93: =25497.74*B93 -> 127.23372 | D93: =45940*B93 -> 229.2406 | E93: =D93-C93 -> 102.00688 | H93: =C93+F93 -> 127.23372 | I93: =D93+G93 -> 229.2406 | J93: =39877.36*B93 -> 198.98803
A94: Ermita 88 | B94: 0.00523 | C94: =25497.74*B94 -> 133.35318 | D94: =45940*B94 -> 240.2662 | E94: =D94-C94 -> 106.91302 | H94: =C94+F94 -> 133.35318 | I94: =D94+G94 -> 240.2662 | J94: =39877.36*B94 -> 208.55859
A95: Ermita 89 | B95: 0.00523 | C95: =25497.74*B95 -> 133.35318 | D95: =45940*B95 -> 240.2662 | E95: =D95-C95 -> 106.91302 | H95: =C95+F95 -> 133.35318 | I95: =D95+G95 -> 240.2662 | J95: =39877.36*B95 -> 208.55859
A96: Ermita 90 | B96: 0.0057 | C96: =25497.74*B96 -> 145.33712 | D96: =45940*B96 -> 261.858 | E96: =D96-C96 -> 116.52088 | H96: =C96+F96 -> 145.33712 | I96: =D96+G96 -> 261.858 | J96: =39877.36*B96 -> 227.30095
A97: Ermita 91 | B97: 0.00499 | C97: =25497.74*B97 -> 127.23372 | D97: =45940*B97 -> 229.2406 | E97: =D97-C97 -> 102.00688 | H97: =C97+F97 -> 127.23372 | I97: =D97+G97 -> 229.2406 | J97: =39877.36*B97 -> 198.98803
A98: Ermita 92 | B98: 0.00523 | C98: =25497.74*B98 -> 133.35318 | D98: =45940*B98 -> 240.2662 | E98: =D98-C98 -> 106.91302 | H98: =C98+F98 -> 133.35318 | I98: =D98+G98 -> 240.2662 | J98: =39877.36*B98 -> 208.55859
A99: Ermita 93 | B99: 0.00507 | C99: =25497.74*B99 -> 129.27354 | D99: =45940*B99 -> 232.9158 | E99: =D99-C99 -> 103.64226 | H99: =C99+F99 -> 129.27354 | I99: =D99+G99 -> 232.9158 | J99: =39877.36*B99 -> 202.17822
A100: Ermita 94 | B100: 0.00681 | C100: =25497.74*B100 -> 173.63961 | D100: =45940*B100 -> 312.8514 | E100: =D100-C100 -> 139.21179 | H100: =C100+F100 -> 173.63961 | I100: =D100+G100 -> 312.8514 | J100: =39877.36*B100 -> 271.56482
A101: Ermita 95 | B101: 0.00887 | C101: =25497.74*B101 -> 226.16495 | D101: =45940*B101 -> 407.4878 | E101: =D101-C101 -> 181.32285 | H101: =C101+F101 -> 226.16495 | I101: =D101+G101 -> 407.4878 | J101: =39877.36*B101 -> 353.71218
A102: Ermita 96 | B102: 0.00713 | C102: =25497.74*B102 -> 181.79889 | D102: =45940*B102 -> 327.5522 | E102: =D102-C102 -> 145.75331 | H102: =C102+F102 -> 181.79889 | I102: =D102+G102 -> 327.5522 | J102: =39877.36*B102 -> 284.32558
... A110: Ermita 104 | B110: 0.00523 | C110: =25497.74*B110 -> 133.35318 | D110: =45940*B110 -> 240.2662 | E110: =D110-C110 -> 106.91302 | H110: =C110+F110 -> 133.35318 | I110: =D110+G110 -> 240.2662 | J110: =39877.36*B110 -> 208.55859
A111: Vall Petita 105 | B111: 0.00546 | C111: =25497.74*B111 -> 139.21766 | D111: =45940*B111 -> 250.8324 | E111: =D111-C111 -> 111.61474 | F111: =G224 -> 0 | G111: =F111*1.8017 -> 0 | H111: =C111+F111 -> 139.21766 | I111: =D111+G111 -> 250.8324 | J111: =39877.36*B111 -> 217.73039
A112: Vall Petita 106 | B112: 0.00539 | C112: =25497.74*B112 -> 137.43282 | D112: =45940*B112 -> 247.6166 | E112: =D112-C112 -> 110.18378 | F112: =G225 -> 0 | G112: =F112*1.8017 -> 0 | H112: =C112+F112 -> 137.43282 | I112: =D112+G112 -> 247.6166 | J112: =39877.36*B112 -> 214.93897
A113: Vall Petita 107 | B113: 0.00539 | C113: =25497.74*B113 -> 137.43282 | D113: =45940*B113 -> 247.6166 | E113: =D113-C113 -> 110.18378 | F113: =G226 -> 0 | G113: =F113*1.8017 -> 0 | H113: =C113+F113 -> 137.43282 | I113: =D113+G113 -> 247.6166 | J113: =39877.36*B113 -> 214.93897
A114: Vall Petita 108 | B114: 0.00539 | C114: =25497.74*B114 -> 137.43282 | D114: =45940*B114 -> 247.6166 | E114: =D114-C114 -> 110.18378 | F114: =G227 -> 0 | G114: =F114*1.8017 -> 0 | H114: =C114+F114 -> 137.43282 | I114: =D114+G114 -> 247.6166 | J114: =39877.36*B114 -> 214.93897
A115: Vall Petita 109 | B115: 0.00539 | C115: =25497.74*B115 -> 137.43282 | D115: =45940*B115 -> 247.6166 | E115: =D115-C115 -> 110.18378 | F115: =G228 -> 0 | G115: =F115*1.8017 -> 0 | H115: =C115+F115 -> 137.43282 | I115: =D115+G115 -> 247.6166 | J115: =39877.36*B115 -> 214.93897
A116: Vall Petita 110 | B116: 0.00539 | C116: =25497.74*B116 -> 137.43282 | D116: =45940*B116 -> 247.6166 | E116: =D116-C116 -> 110.18378 | F116: =G229 -> 0 | G116: =F116*1.8017 -> 0 | H116: =C116+F116 -> 137.43282 | I116: =D116+G116 -> 247.6166 | J116: =39877.36*B116 -> 214.93897
A117: Vall Petita 111 | B117: 0.00546 | C117: =25497.74*B117 -> 139.21766 | D117: =45940*B117 -> 250.8324 | E117: =D117-C117 -> 111.61474 | F117: =G230 -> 0 | G117: =F117*1.8017 -> 0 | H117: =C117+F117 -> 139.21766 | I117: =D117+G117 -> 250.8324 | J117: =39877.36*B117 -> 217.73039
A118: Vall Petita 112 | B118: 0.00546 | C118: =25497.74*B118 -> 139.21766 | D118: =45940*B118 -> 250.8324 | E118: =D118-C118 -> 111.61474 | F118: =G231 -> 0 | G118: =F118*1.8017 -> 0 | H118: =C118+F118 -> 139.21766 | I118: =D118+G118 -> 250.8324 | J118: =39877.36*B118 -> 217.73039
A119: Vall Petita 113 | B119: 0.00539 | C119: =25497.74*B119 -> 137.43282 | D119: =45940*B119 -> 247.6166 | E119: =D119-C119 -> 110.18378 | F119: =G232 -> 0 | G119: =F119*1.8017 -> 0 | H119: =C119+F119 -> 137.43282 | I119: =D119+G119 -> 247.6166 | J119: =39877.36*B119 -> 214.93897
A120: Vall Petita 114 | B120: 0.00539 | C120: =25497.74*B120 -> 137.43282 | D120: =45940*B120 -> 247.6166 | E120: =D120-C120 -> 110.18378 | F120: =G233 -> 0 | G120: =F120*1.8017 -> 0 | H120: =C120+F120 -> 137.43282 | I120: =D120+G120 -> 247.6166 | J120: =39877.36*B120 -> 214.93897
A121: Vall Petita 115 | B121: 0.00539 | C121: =25497.74*B121 -> 137.43282 | D121: =45940*B121 -> 247.6166 | E121: =D121-C121 -> 110.18378 | F121: =G234 -> 0 | G121: =F121*1.8017 -> 0 | H121: =C121+F121 -> 137.43282 | I121: =D121+G121 -> 247.6166 | J121: =39877.36*B121 -> 214.93897
A122: Vall Petita 116 | B122: 0.00539 | C122: =25497.74*B122 -> 137.43282 | D122: =45940*B122 -> 247.6166 | E122: =D122-C122 -> 110.18378 | F122: =G235 -> 0 | G122: =F122*1.8017 -> 0 | H122: =C122+F122 -> 137.43282 | I122: =D122+G122 -> 247.6166 | J122: =39877.36*B122 -> 214.93897
... A158: Vall Petita 152 | B158: 0.00546 | C158: =25497.74*B158 -> 139.21766 | D158: =45940*B158 -> 250.8324 | E158: =D158-C158 -> 111.61474 | F158: =G271 -> 0 | G158: =F158*1.8017 -> 0 | H158: =C158+F158 -> 139.21766 | I158: =D158+G158 -> 250.8324 | J158: =39877.36*B158 -> 217.73039
A160: SUMA | C160: =SUM(C6:C159) -> 25508.449 | D160: =SUM(D6:D159) -> 45959.295 | I160: =SUM(I6:I159) -> 45959.295 | J160: =SUM(J6:J159) -> 39894.108
A162: Los descuadres son debido a los redondeos
A164: Atencion: Estos calculos son informativos. La jardineria comunitariase se paga a traves de la cuota general para todos igual y por coeficiente. Es la intencion de esta hoja Excel, que se vea individualmente en que repercute el precio de la jardineria comunitaria en su cuota particular. Destaco tambien la subida de precio de Jardins de L'Emporda, que en su presentacion y sin el IVA incluido parecia muy economica. Rogamos su atenta lectura , al igual que con Jardineria Can Montes para ver las condiciones y que estan ofreciendo. Los datos con los precios del año anterior estan extraidos del Estado de Cuentas.
A170: Refundido jardineria Privativa
A172: Importe | B172: 19605.62 | C172: 35323.44 | D172: 30660.83
A173: Casa | B173: Precio pagado 2025-2026 | C173: Precio Presupuesto Jardineria L'Emporda | D173: Precio Presupuesto Jardineria Can Montes
A174: ='Presupuesto Emporda'!A167 -> LC 30 | B174: ='Presupuesto Emporda'!G167 -> 104.37 | C174: ='Presupuesto Emporda'!P167 -> 188.04343 | D174: ='Can Montes '!O175 -> 163.22216
A175: ='Presupuesto Emporda'!A168 -> LC 31 | B175: ='Presupuesto Emporda'!G168 -> 411.99 | C175: ='Presupuesto Emporda'!P168 -> 742.28238 | D175: ='Can Montes '!O176 -> 644.30292
A176: ='Presupuesto Emporda'!A169 -> LC 32 | B176: ='Presupuesto Emporda'!G169 -> 411.99 | C176: ='Presupuesto Emporda'!P169 -> 742.28238 | D176: ='Can Montes '!O177 -> 644.30292
A177: ='Presupuesto Emporda'!A170 -> LC 33 | B177: ='Presupuesto Emporda'!G170 -> 411.99 | C177: ='Presupuesto Emporda'!P170 -> 742.28238 | D177: ='Can Montes '!O178 -> 644.30292
A178: ='Presupuesto Emporda'!A171 -> LC 34 | B178: ='Presupuesto Emporda'!G171 -> 104.37 | C178: ='Presupuesto Emporda'!P171 -> 188.04343 | D178: ='Can Montes '!O179 -> 163.22216
A179: ='Presupuesto Emporda'!A172 -> LC 35 | B179: ='Presupuesto Emporda'!G172 -> 411.99 | C179: ='Presupuesto Emporda'!P172 -> 742.28238 | D179: ='Can Montes '!O180 -> 644.30292
A180: ='Presupuesto Emporda'!A173 -> LC 36 | B180: ='Presupuesto Emporda'!G173 -> 104.37 | C180: ='Presupuesto Emporda'!P173 -> 188.04343 | D180: ='Can Montes '!O181 -> 163.22216
A181: ='Presupuesto Emporda'!A174 -> LC 37 | B181: ='Presupuesto Emporda'!G174 -> 411.99 | C181: ='Presupuesto Emporda'!P174 -> 742.28238 | D181: ='Can Montes '!O182 -> 644.30292
A182: ='Presupuesto Emporda'!A175 -> LC 38 | B182: ='Presupuesto Emporda'!G175 -> 411.99 | C182: ='Presupuesto Emporda'!P175 -> 742.28238 | D182: ='Can Montes '!O183 -> 644.30292
A183: ='Presupuesto Emporda'!A176 -> LC 39 | B183: ='Presupuesto Emporda'!G176 -> 411.99 | C183: ='Presupuesto Emporda'!P176 -> 742.28238 | D183: ='Can Montes '!O184 -> 644.30292
A184: ='Presupuesto Emporda'!A177 -> LC 40 | B184: ='Presupuesto Emporda'!G177 -> 411.99 | C184: ='Presupuesto Emporda'!P177 -> 742.28238 | D184: ='Can Montes '!O185 -> 644.30292
A185: ='Presupuesto Emporda'!A178 -> LC 41 | B185: ='Presupuesto Emporda'!G178 -> 411.99 | C185: ='Presupuesto Emporda'!P178 -> 742.28238 | D185: ='Can Montes '!O186 -> 644.30292
... A273: ='Presupuesto Emporda'!A266 -> VP 152 | B273: ='Presupuesto Emporda'!G266 -> 323.42 | C273: ='Presupuesto Emporda'!P266 -> 582.70581 | D273: ='Can Montes '!O274 -> 505.79007
B274: ='Presupuesto Emporda'!G267 -> 0 | C274: ='Presupuesto Emporda'!P267 -> 0 | D274: ='Can Montes '!O275 -> 0
A276: ='Presupuesto Emporda'!A268 -> Suma | B276: ='Presupuesto Emporda'!G268 -> 19605.62 | C276: ='Presupuesto Emporda'!P268 -> 35323.446 | D276: ='Can Montes '!O276 -> 30660.837
A278: Casa | B278: Precio pagado 2025-2026 | C278: Precio Presupuesto Jardineria L'Emporda | D278: Precio Presupuesto Jardineria Can Montes
A279: En este listado apreciamos lo que se ha pagado de jardineria privativa 2025-2026 y lo que se pagaria según la empresa de jardineria elegida para este proximo 2026 - 2027
